[Event "Titled Tuesday Blitz June 27 Early 2023"]
[White "Fajdetic, Hrvoje"]
[Black "Kowalysko, Roman"]
[WhiteFideId "14501945"]
[BlackFideId "30918510"]
[WhiteElo "2356"]
[BlackElo "2033"]
[Result "1-0"]
[Round "3"]
[TimeControl "180+2"]
[Date "2023.06.27"]
[WhiteClock "0:00:07"]
[BlackClock "0:00:45"]
[Board "186"]

1. f4 e5 2. fxe5 d6 3. exd6 Bxd6 4. Nf3 g5 5. g3 g4 6. Nh4 Ne7 7. Nc3 Ng6 8. Ng2 h5 9. Ne4 h4 10. Nxd6+ Qxd6 11. gxh4 Nxh4 12. d4 Nxg2+ 13. Bxg2 Rxh2 14. O-O Rh8 15. Bf4 Qe7 16. Qd3 Nc6 17. d5 Ne5 18. Qe4 f6 19. Bxe5 Qxe5 20. Qg6+ Kf8 21. Rxf6+ Qxf6 22. Qxf6+ Kg8 23. d6 c6 24. Qd8+ Kg7 25. Qc7+ Kf6 26. d7 Bxd7 27. Qxd7 Rad8 28. Qxg4 Rhg8 29. Rf1+ Ke7 30. Qh4+ Kd6 31. Rf6+ Kc7 32. Qf4+ Kb6 33. Kh2 Rh8+ 34. Rh6 Rdf8 35. Qh4 Rhg8 36. Qd4+ Ka6 37. e4 b6 38. e5 Rd8 39. Qa4+ Kb7 40. Qxc6+ Ka6 41. Bf1+ Ka5 42. Qb5# 1-0


[Site "https://www.chess.com"]

[Event "Titled Tuesday Blitz June 27 Early 2023"]
[White "Rahman, Masruri"]
[Black "Vianello, Enrico"]
[WhiteFideId "7101163"]
[BlackFideId "810738"]
[WhiteElo "2790"]
[BlackElo "2164"]
[Result "1-0"]
[Round "3"]
[TimeControl "180+2"]
[Date "2023.06.27"]
[WhiteClock "0:01:58"]
[BlackClock "0:00:46"]
[Board "187"]

1. d4 d5 2. Bf4 Nf6 3. e3 c5 4. Nc3 Nc6 5. Nb5 e5 6. dxe5 Ne4 7. Qxd5 Qxd5 8. Nc7+ Kd7 9. Nxd5 g5 10. Bg3 Nxg3 11. hxg3 Nxe5 12. O-O-O Bd6 13. Bb5+ Ke6 14. Rh6+ Ng6 15. Nf3 g4 16. Ng5+ Kf5 17. Nxf7 Bf8 18. Rh5+ Ke6 19. Nd8+ 1-0


[Site "https://www.chess.com"]

[Event "Titled Tuesday Blitz June 27 Early 2023"]
[White "Jakubowski, Krzysztof"]
[Black "Gomes, Luiz Alexandre de Souza"]
[WhiteFideId "1112848"]
[BlackFideId "2102790"]
[WhiteElo "2607"]
[BlackElo "2321"]
[Result "1-0"]
[Round "3"]
[TimeControl "180+2"]
[Date "2023.06.27"]
[WhiteClock "0:02:15"]
[BlackClock "0:02:05"]
[Board "188"]

1. c4 e6 2. g3 d5 3. Bg2 Nf6 4. Nf3 Be7 5. O-O O-O 6. b3 b6 7. Bb2 Bb7 8. d4 Nbd7 9. Nbd2 c5 10. e3 Rc8 11. Qe2 Qc7 12. Rac1 Qb8 13. Ne5 Rfd8 14. cxd5 Bxd5 15. e4 Bb7 16. Nxd7 Nxd7 17. d5 exd5 18. exd5 Re8 19. Nc4 Bf8 20. Qg4 Ba8 21. Qxd7 1-0


[Site "https://www.chess.com"]

[Event "Titled Tuesday Blitz June 27 Early 2023"]
[White "infinitypoint"]
[Black "Freile Martin, Javier"]
[BlackFideId "3600165"]
[WhiteElo "2600"]
[BlackElo "2315"]
[Result "1-0"]
[Round "3"]
[TimeControl "180+2"]
[Date "2023.06.27"]
[WhiteClock "0:00:07"]
[BlackClock "0:00:04"]
[Board "189"]

1. d4 Nf6 2. c4 g6 3. Nc3 Bg7 4. e4 d6 5. Nf3 O-O 6. Be2 Na6 7. O-O e5 8. d5 Nc5 9. Qc2 a5 10. Be3 Nfd7 11. Nd2 f5 12. f3 Qh4 13. b3 Bh6 14. Bf2 Qe7 15. Rab1 Nf6 16. a3 Bd7 17. b4 axb4 18. axb4 Na4 19. Nb5 Rfc8 20. Bd3 c6 21. Nc3 Nxc3 22. Qxc3 cxd5 23. exd5 Ra2 24. Nb3 Nxd5 25. Qe1 Nf4 26. Nc1 Nxd3 27. Nxd3 Rxc4 28. Ra1 Rxa1 29. Qxa1 Bb5 30. Re1 Qc7 31. Qa2 Kf8 32. Qa8+ Kg7 33. h4 Rc2 34. Rd1 Bxd3 35. Rxd3 Bf4 36. g3 Bd2 37. Qa3 Bc3 38. Qb3 Bd4 39. Bxd4 Rc1+ 40. Kg2 exd4 41. Rxd4 Qc2+ 42. Qxc2 Rxc2+ 43. Kh3 Rc6 44. f4 Kf6 45. Kg2 Ke6 46. Kf3 d5 47. Rd1 Rc4 48. Re1+ Re4 49. Rb1 Kd6 50. h5 b5 51. hxg6 hxg6 52. Rb2 d4 53. Rb3 Kd5 54. Rb1 Kc4 55. g4 Re3+ 56. Kf2 fxg4 57. Rg1 Kd5 58. Rxg4 Rb3 59. Rg5+ Ke4 60. Rxb5 Kxf4 61. Rb6 g5 62. b5 g4 63. Rf6+ Ke5 64. Rb6 Rb2+ 65. Kf1 d3 66. Rb8 Ke4 67. Re8+ Kf3 68. Rf8+ Ke3 69. Re8+ Kd2 70. Rb8 g3 71. b6 Rb1+ 72. Kg2 Kd1 73. b7 d2 74. Kxg3 Rb6 75. Kf3 Rb4 76. Ke3 Rb3+ 77. Kf2 Rb6 78. Ke3 Rb3+ 79. Kf2 Rb6 80. Ke3 Ke1 81. Rh8 Re6+ 82. Kf4 d1=Q 83. Rh1+ Ke2 84. Rxd1 Rb6 85. Rd7 Rb4+ 86. Ke5 Rb6 87. Kd5 Kd3 88. Kc5+ 1-0


[Site "https://www.chess.com"]

[Event "Titled Tuesday Blitz June 27 Early 2023"]
[White "Vifleemskaia, Svetlana"]
[Black "Mariano, Nelson III"]
[WhiteFideId "4129490"]
[BlackFideId "5201748"]
[WhiteElo "2310"]
[BlackElo "2582"]
[Result "1-0"]
[Round "3"]
[TimeControl "180+2"]
[Date "2023.06.27"]
[WhiteClock "0:01:40"]
[BlackClock "0:01:30"]
[Board "190"]

1. d4 Nf6 2. c4 g6 3. Nc3 Bg7 4. e4 O-O 5. Nge2 d6 6. Ng3 c5 7. d5 b5 8. cxb5 a6 9. bxa6 Bxa6 10. Bxa6 Nxa6 11. O-O Qa5 12. a4 Rfb8 13. Ra3 Nd7 14. Nb5 Nc7 15. Qe2 Qb4 16. Nxc7 Rxa4 17. Na6 Rxa6 18. Rxa6 c4 19. Rc6 Nc5 20. Bg5 Bxb2 21. Bxe7 Na4 22. Bxd6 1-0


[Site "https://www.chess.com"]

[Event "Titled Tuesday Blitz June 27 Early 2023"]
[White "Wang, Alexander J"]
[Black "Sebag, Marie"]
[WhiteFideId "30955270"]
[BlackFideId "617822"]
[WhiteElo "2306"]
[BlackElo "2549"]
[Result "0-1"]
[Round "3"]
[TimeControl "180+2"]
[Date "2023.06.27"]
[WhiteClock "0:00:12"]
[BlackClock "0:00:08"]
[Board "191"]

1. e4 c6 2. d4 d5 3. f3 dxe4 4. fxe4 e5 5. Nf3 Nd7 6. Bc4 exd4 7. O-O Ngf6 8. e5 Nd5 9. Nxd4 Nxe5 10. Re1 Bd6 11. Nf3 f6 12. Bxd5 cxd5 13. Qxd5 Qe7 14. Nxe5 Bxe5 15. Bf4 Be6 16. Qb5+ Bd7 17. Qd5 Bc6 18. Bxe5 Bxd5 19. Bg3 Be6 20. Nc3 Kf7 21. Ne4 Rhd8 22. Rf1 Kg8 23. Rae1 Rac8 24. Rf2 Qd7 25. Rxf6 gxf6 26. Nxf6+ Kf7 27. Nxd7 Rxd7 28. c3 Rd2 29. b4 Rcd8 30. Be5 Rd1 31. Rxd1 Rxd1+ 32. Kf2 Rd2+ 33. Kf3 Rxa2 34. Bd4 Bd5+ 35. Kf4 Rxg2 36. Bxa7 Rxh2 37. Bd4 Rc2 38. Ke5 Bc4 39. Kd6 h5 40. Kc7 b5 41. Kd6 h4 42. Be5 h3 43. Kc5 h2 44. Bxh2 Rxh2 45. Kd4 Rd2+ 46. Kc5 Ke6 47. Kb6 Rd6+ 48. Kc5 Rd8 49. Kc6 Rc8+ 50. Kb7 Kd7 51. Kb6 Kd6 52. Kb7 Be6 53. Kb6 Rb8+ 54. Ka5 Kc6 55. Ka6 Ra8# 0-1


[Site "https://www.chess.com"]

[Event "Titled Tuesday Blitz June 27 Early 2023"]
[White "Serban, Cristian-Stefan"]
[Black "Bueno, Alfeu Junior Varela"]
[WhiteFideId "1241443"]
[BlackFideId "2108879"]
[WhiteElo "2544"]
[BlackElo "2305"]
[Result "1/2-1/2"]
[Round "3"]
[TimeControl "180+2"]
[Date "2023.06.27"]
[WhiteClock "0:00:04"]
[BlackClock "0:00:04"]
[Board "192"]

1. Nf3 e6 2. b3 f5 3. Bb2 b6 4. e3 Bb7 5. d4 Nf6 6. Be2 Be7 7. Nbd2 O-O 8. O-O Qe8 9. c4 Qg6 10. Ne1 d6 11. Bf3 Ne4 12. Qc2 Nd7 13. Nxe4 fxe4 14. Be2 Rf5 15. Rc1 Raf8 16. f3 exf3 17. Bxf3 Bg5 18. Qe2 Qh6 19. Rc3 e5 20. e4 Rf4 21. d5 Nc5 22. Nd3 R4f6 23. Nxc5 bxc5 24. Bc1 Bc8 25. Bxg5 Qxg5 26. Qe3 Qg6 27. Rcc1 h5 28. Be2 h4 29. Rxf6 Rxf6 30. Rf1 h3 31. g3 Rxf1+ 32. Bxf1 Qh5 33. Be2 Bg4 34. Bf1 Bf3 35. Kf2 Bg4 36. Kg1 Qf7 37. Qf2 Qg6 38. Qe3 Qh5 39. a3 a5 40. Qd2 Bd1 41. Qe3 g5 42. Kf2 g4 43. Be2 Bxe2 44. Kxe2 Qf7 45. Qf2 Qg7 46. Qe3 Qg6 47. Kd3 Kf7 48. Qf2+ Ke7 49. Qe2 Qg5 50. Qe3 Qg6 51. Kc3 Qf6 52. b4 axb4+ 53. axb4 Qf3 54. Kd2 Qxe3+ 55. Kxe3 cxb4 56. Kd2 c5 57. dxc6 Kd8 58. Kc2 Kc7 59. Kb3 Kxc6 60. Kxb4 Kb6 61. Kb3 Kc5 62. Kc3 Kc6 63. Kb3 Kb6 64. Kb4 Kc6 65. Kb3 Kb6 66. Kb4 Kc6 67. Kb3 1/2-1/2


[Site "https://www.chess.com"]

[Event "Titled Tuesday Blitz June 27 Early 2023"]
[White "Jarocka, Liwia"]
[Black "Mamedov, Edgar"]
[WhiteFideId "21807558"]
[BlackFideId "13739980"]
[WhiteElo "2303"]
[BlackElo "2540"]
[Result "0-1"]
[Round "3"]
[TimeControl "180+2"]
[Date "2023.06.27"]
[WhiteClock "0:00:20"]
[BlackClock "0:00:05"]
[Board "193"]

1. c4 Nf6 2. Nc3 e6 3. g3 d5 4. cxd5 exd5 5. Bg2 d4 6. Nb1 c5 7. d3 Nc6 8. Nf3 Be6 9. O-O Qd7 10. e3 dxe3 11. Bxe3 Rd8 12. Qc1 Qxd3 13. Bxc5 Bxc5 14. Qxc5 Ne4 15. Qa3 Qxa3 16. Nxa3 O-O 17. Rfe1 Nc5 18. Ne5 Nxe5 19. Rxe5 Nd3 20. Ra5 b6 21. Rxa7 Nxb2 22. Nb5 Rd2 23. Nc7 Bc4 24. Rb7 Rfd8 25. h4 Nd1 26. Rxb6 Nxf2 27. a4 Ng4 28. Bc6 f6 29. a5 R8d3 30. Rb8+ Kf7 31. Be8+ Ke7 32. Re1+ Ne5 33. a6 Rxg3+ 34. Kh1 Rh3+ 35. Kg1 Rg3+ 36. Kh1 Ra2 37. Rb7 Kd8 38. Bb5 Rh3+ 39. Kg1 Nf3# 0-1


[Site "https://www.chess.com"]

[Event "Titled Tuesday Blitz June 27 Early 2023"]
[White "Vaglio Munoz, Jaime"]
[Black "Ismagilov, Damir"]
[WhiteFideId "6500145"]
[BlackFideId "34199982"]
[WhiteElo "2301"]
[BlackElo "2534"]
[Result "0-1"]
[Round "3"]
[TimeControl "180+2"]
[Date "2023.06.27"]
[WhiteClock "0:01:54"]
[BlackClock "0:02:06"]
[Board "194"]

1. Nf3 f5 2. c4 Nf6 3. b3 g6 4. Bb2 Bg7 5. h3 O-O 6. g3 d6 7. Bg2 e5 8. O-O e4 9. Ne1 c6 10. d3 d5 11. cxd5 cxd5 12. dxe4 dxe4 13. Nc2 Nc6 14. Nba3 Be6 15. e3 Qe7 16. Nb5 Rfd8 17. Qe2 a6 18. Nbd4 Nxd4 19. Nxd4 Rac8 20. Rfd1 Nd5 21. Nxe6 Qxe6 22. Bxg7 Kxg7 23. Qb2+ Qf6 24. Bf1 Qxb2 25. Rdb1 Qe5 26. a3 Nc3 27. Rb2 Rd1 28. Raa2 Ne2+ 29. Rxe2 Rcc1 30. Kg2 Rxf1 31. f4 exf3+ 0-1


[Site "https://www.chess.com"]

[Event "Titled Tuesday Blitz June 27 Early 2023"]
[White "Blokhin, Sofia"]
[Black "Roberson, Peter T"]
[WhiteFideId "4508190"]
[BlackFideId "412384"]
[WhiteElo "2299"]
[BlackElo "2534"]
[Result "1-0"]
[Round "3"]
[TimeControl "180+2"]
[Date "2023.06.27"]
[WhiteClock "0:00:09"]
[BlackClock "0:00:50"]
[Board "195"]

1. d4 Nf6 2. c4 a6 3. Nc3 c5 4. d5 e6 5. e4 d6 6. Be3 b5 7. cxb5 exd5 8. Nxd5 Be7 9. b6 Nxd5 10. Qxd5 Qxb6 11. Qxa8 Qxb2 12. Rd1 Be6 13. Bxa6 O-O 14. Qb7 Qxa2 15. Qxe7 Nxa6 16. Nf3 Bc4 17. Nd2 Nb4 18. Nxc4 Qxc4 19. Qxd6 Nc2+ 20. Kd2 Ra8 21. Qxc5 Qa2 22. Qxc2 Rd8+ 23. Ke1 Qa5+ 24. Kf1 Qa6+ 25. Kg1 Rc8 26. Qd2 h5 27. h3 Qa4 28. Kh2 Rc2 29. Qd8+ Kh7 30. Qd3 Qc6 31. e5+ g6 32. Rc1 Rxc1 33. Rxc1 Qe6 34. Qe4 h4 35. Rc6 Qe7 36. Rf6 Kg7 37. Qxh4 Qxe5+ 38. Qf4 Qd5 39. Rxf7+ Qxf7 40. Qxf7+ Kxf7 41. Kg3 Kf6 42. Kg4 g5 43. Bxg5+ Kg6 44. Be3 Kf6 45. h4 Kg6 46. h5+ Kg7 47. Kg5 Kh7 48. h6 Kg8 49. Kg6 Kh8 50. Bd4+ Kg8 51. h7+ Kf8 52. h8=Q+ Ke7 53. Qf6+ Kd7 54. Qf7+ Kd6 55. Kf5 Kc6 56. g4 Kb5 57. g5 Kb4 58. g6 Ka3 59. g7 Kb4 60. g8=Q Kb5 61. Qc8 Ka4 62. Qfb7 Ka5 63. Qca8# 1-0


[Site "https://www.chess.com"]

[Event "Titled Tuesday Blitz June 27 Early 2023"]
[White "Zaksaite, Salomeja"]
[Black "Rutvij09"]
[WhiteFideId "12801496"]
[WhiteElo "2289"]
[BlackElo "2524"]
[Result "0-1"]
[Round "3"]
[TimeControl "180+2"]
[Date "2023.06.27"]
[WhiteClock "0:00:00"]
[BlackClock "0:02:11"]
[Board "196"]

1. e4 e5 2. Nf3 Nc6 3. Bc4 Nf6 4. d3 Be7 5. a4 d6 6. O-O O-O 7. Nbd2 Be6 8. h3 Qd7 9. Re1 Bxc4 10. dxc4 Rfe8 11. Nf1 a6 12. a5 h6 13. Ng3 Bf8 14. Nf5 Kh7 15. g4 g6 16. Ng3 Bg7 17. Kg2 Nd8 18. b3 Ne6 19. c3 Nf4+ 20. Kh2 h5 21. Ng5+ Kg8 22. gxh5 N6xh5 23. Nxh5 Nxh5 24. Qf3 f6 25. Rg1 Rf8 26. Ne6 Qxe6 27. Rxg6 Nf4 28. Bxf4 exf4 29. Rag1 Rf7 30. Qxf4 Qe5 31. Kg3 Re8 32. Kf3 Qxf4+ 33. Kxf4 Kh7 0-1


[Site "https://www.chess.com"]

[Event "Titled Tuesday Blitz June 27 Early 2023"]
[White "Shubenkova, Veronika"]
[Black "Mikhaylova, Irina"]
[WhiteFideId "44124040"]
[BlackFideId "4109040"]
[WhiteElo "2517"]
[BlackElo "2286"]
[Result "0-1"]
[Round "3"]
[TimeControl "180+2"]
[Date "2023.06.27"]
[WhiteClock "0:02:13"]
[BlackClock "0:01:53"]
[Board "197"]

1. e4 c5 2. Nc3 Nc6 3. g3 g6 4. Bg2 Bg7 5. d3 d6 6. f4 e6 7. Nf3 Nge7 8. O-O O-O 9. Rb1 Rb8 10. Be3 Nd4 11. Ne2 Nec6 12. c3 Nxf3+ 13. Bxf3 Bd7 14. g4 f5 15. h3 Qc7 16. Ng3 Rbe8 17. Qd2 b6 18. Kh1 Kh8 19. Rf2 e5 20. gxf5 gxf5 21. exf5 Bxf5 22. Nxf5 Rxf5 23. Bg4 exf4 24. Bxf4 Rff8 25. Rg1 Ne5 26. Bxe5 Bxe5 27. Qh6 Rxf2 0-1


[Site "https://www.chess.com"]

[Event "Titled Tuesday Blitz June 27 Early 2023"]
[White "Zaichenko, Daria"]
[Black "Deng, Henry"]
[WhiteFideId "4197453"]
[BlackFideId "30965454"]
[WhiteElo "2263"]
[BlackElo "2517"]
[Result "1-0"]
[Round "3"]
[TimeControl "180+2"]
[Date "2023.06.27"]
[WhiteClock "0:00:06"]
[BlackClock "0:00:29"]
[Board "198"]

1. e4 e5 2. Nf3 Nc6 3. Bc4 d6 4. d3 Be7 5. c3 Nf6 6. Bb3 O-O 7. O-O Be6 8. Bc2 d5 9. Qe2 h6 10. Nbd2 dxe4 11. dxe4 Qc8 12. Rd1 Nd7 13. Nf1 a6 14. Ng3 Re8 15. Be3 Bf8 16. Nh4 b5 17. Ngf5 Kh7 18. Qd2 Nf6 19. Kh1 Ng4 20. Qe2 Nxe3 21. Qxe3 g6 22. Ng3 Be7 23. Nf3 Bf8 24. Nd2 Na5 25. f4 exf4 26. Qxf4 c5 27. e5 Kg8 28. Nde4 Kh8 29. Nf6 Rd8 30. Nge4 Nc4 31. b3 Nb6 32. Rxd8 Qxd8 33. Rd1 Qe7 34. Nd6 Rd8 35. h4 Bg7 36. h5 Nd7 37. hxg6 Nxf6 38. exf6 Bxf6 39. Nxf7+ Bxf7 40. Qxh6+ Kg8 41. Qh7+ Kf8 42. Rxd8+ Qxd8 43. Qxf7# 1-0


[Site "https://www.chess.com"]

[Event "Titled Tuesday Blitz June 27 Early 2023"]
[White "Novik, Maxim"]
[Black "Sarkar, Justin"]
[WhiteFideId "4102924"]
[BlackFideId "2010011"]
[WhiteElo "2517"]
[BlackElo "2258"]
[Result "0-1"]
[Round "3"]
[TimeControl "180+2"]
[Date "2023.06.27"]
[WhiteClock "0:00:32"]
[BlackClock "0:00:01"]
[Board "199"]

1. e4 e5 2. Nf3 Nc6 3. Bc4 Nf6 4. d3 Bc5 5. c3 O-O 6. O-O d6 7. b4 Bb6 8. Bg5 h6 9. Bh4 Bg4 10. Nbd2 g5 11. Bg3 Nh5 12. Kh1 Kg7 13. h3 Nxg3+ 14. fxg3 Be6 15. Nh2 d5 16. exd5 Bxd5 17. g4 a5 18. b5 Ne7 19. Qe2 Ng6 20. Ne4 Nf4 21. Qf3 Bxc4 22. dxc4 Qd3 23. c5 Ba7 24. Rad1 Qxf3 25. Nxf3 f6 26. Rd7+ Rf7 27. Rfd1 Ne6 28. Rxf7+ Kxf7 29. Rd7+ Kg6 30. h4 h5 31. gxh5+ Kxh5 32. Nxf6+ Kg6 33. hxg5 Nxg5 34. Nxg5 Kxg5 35. Nd5 Bxc5 36. Nxc7 Rh8+ 37. Rh7 Rxh7# 0-1


[Site "https://www.chess.com"]

[Event "Titled Tuesday Blitz June 27 Early 2023"]
[White "Santos Flores, Alberto"]
[Black "Bolanos, Fernando"]
[WhiteFideId "3601234"]
[BlackFideId "3304094"]
[WhiteElo "2516"]
[BlackElo "2257"]
[Result "0-1"]
[Round "3"]
[TimeControl "180+2"]
[Date "2023.06.27"]
[WhiteClock "0:01:33"]
[BlackClock "0:01:29"]
[Board "200"]

1. e4 c5 2. Nf3 Nc6 3. d4 cxd4 4. Nxd4 Nf6 5. Nc3 d6 6. Bg5 e6 7. Bb5 Bd7 8. Bxc6 bxc6 9. Qf3 e5 10. Nf5 h6 11. Bxf6 Qxf6 12. O-O-O d5 13. Rhe1 d4 14. Nb1 g6 15. Ng3 Qxf3 16. gxf3 h5 17. Nd2 Be6 18. b3 a5 19. a4 Bb4 20. Ne2 g5 21. Rg1 f6 22. Kb2 Kf7 23. Nc1 Rab8 24. Nd3 Bd6 25. Ka2 Rb7 26. Nb2 Bb4 27. Nbc4 Ke7 28. h4 g4 29. Rg3 Kf8 30. Rf1 Rg7 31. fxg4 hxg4 32. f3 Rxh4 33. fxg4 Ke7 34. Rgf3 Rg6 35. Rg3 Rhxg4 36. Rxg4 Rxg4 37. Rh1 Rg2 38. Rh7+ Kf8 39. Nf3 Rxc2+ 40. Kb1 Rc3 41. Nh4 Rxb3+ 0-1


[Site "https://www.chess.com"]

[Event "Titled Tuesday Blitz June 27 Early 2023"]
[White "De Souza, Cristiano Gomes"]
[Black "Estrada Nieto, Julian"]
[WhiteFideId "2151758"]
[BlackFideId "5101018"]
[WhiteElo "2255"]
[BlackElo "2504"]
[Result "0-1"]
[Round "3"]
[TimeControl "180+2"]
[Date "2023.06.27"]
[WhiteClock "0:01:56"]
[BlackClock "0:01:05"]
[Board "201"]

1. d4 d5 2. c4 dxc4 3. Nf3 Nf6 4. e3 e6 5. Bxc4 a6 6. O-O c5 7. Qe2 Nc6 8. dxc5 Bxc5 9. Nc3 O-O 10. a3 Qc7 11. b4 Bd6 12. Bb2 b5 13. Bb3 Bb7 14. Rac1 Qe7 15. Rfd1 Ne5 16. Nxe5 Bxe5 17. g3 Rfd8 18. Rxd8+ Rxd8 19. Rd1 h5 20. Rxd8+ Qxd8 21. Qd1 Qa8 22. f4 Bc7 23. Qd2 Bb6 24. Nd1 Bf3 25. Nf2 Ne4 26. Nxe4 Qxe4 27. Kf2 Bh1 28. Bd4 Bxd4 29. Qxd4 Qg2+ 30. Ke1 Qxh2 31. Qd8+ Kh7 32. Bc2+ g6 33. Qf6 Qxg3+ 34. Kd2 Qf2+ 0-1


[Site "https://www.chess.com"]

[Event "Titled Tuesday Blitz June 27 Early 2023"]
[White "Zampronha, Wladimir Camilo"]
[Black "Vyatkin, Dmitry"]
[WhiteFideId "2103087"]
[BlackFideId "4171900"]
[WhiteElo "2254"]
[BlackElo "2499"]
[Result "0-1"]
[Round "3"]
[TimeControl "180+2"]
[Date "2023.06.27"]
[WhiteClock "0:00:05"]
[BlackClock "0:00:43"]
[Board "202"]

1. e4 e6 2. d4 d5 3. Nc3 Nf6 4. e5 Nfd7 5. f4 c5 6. Nf3 Nc6 7. Be3 a6 8. Qd2 b5 9. a3 Bb7 10. Be2 Qb6 11. O-O cxd4 12. Nxd4 Bc5 13. Rad1 O-O 14. Bf3 Rac8 15. Nce2 a5 16. Kh1 b4 17. a4 Ba6 18. Rfe1 Bxe2 19. Rxe2 Nxd4 20. Bxd4 Qc6 21. Bxc5 Nxc5 22. b3 Nd7 23. Qd4 Qc5 24. Qxc5 Rxc5 25. Rdd2 Rfc8 26. Rf2 Rc3 27. Bd1 Nc5 28. Bf3 Re3 29. Rfe2 Nxb3 30. Rxe3 Nxd2 31. Bd1 Ne4 32. Kg1 Nc3 0-1


[Site "https://www.chess.com"]

[Event "Titled Tuesday Blitz June 27 Early 2023"]
[White "Fudalej, Michal"]
[Black "Womacka, Mathias"]
[WhiteFideId "1118781"]
[BlackFideId "4611390"]
[WhiteElo "2246"]
[BlackElo "2492"]
[Result "1-0"]
[Round "3"]
[TimeControl "180+2"]
[Date "2023.06.27"]
[WhiteClock "0:00:01"]
[BlackClock "0:00:00"]
[Board "203"]

1. Nf3 c5 2. c4 Nf6 3. Nc3 e6 4. g3 b6 5. Bg2 Bb7 6. O-O Be7 7. e3 O-O 8. b3 d5 9. Bb2 Nc6 10. cxd5 exd5 11. d4 Ba6 12. Re1 c4 13. Ne5 Rc8 14. bxc4 Bxc4 15. Nxc4 dxc4 16. Rc1 a6 17. a3 b5 18. d5 Ne5 19. Bf1 Bd6 20. e4 Re8 21. h3 Qb6 22. Kg2 Bc5 23. f4 Ng6 24. e5 Nd7 25. Ne4 Bf8 26. d6 Qb7 27. Kh2 a5 28. Bg2 Qb6 29. Bd4 Qa6 30. h4 b4 31. h5 Ngxe5 32. fxe5 Nxe5 33. Nc5 Qxd6 34. Bxe5 Qxc5 35. axb4 axb4 36. Bd4 Qg5 37. Qf3 Rxe1 38. Rxe1 c3 39. Bh3 Rd8 40. Be3 Qb5 41. Rf1 Rd7 42. Bxd7 Qxd7 43. Qa8 Qc7 44. Bf4 Qc5 45. Qe4 1-0


[Site "https://www.chess.com"]

[Event "Titled Tuesday Blitz June 27 Early 2023"]
[White "Eynullayev, Altay"]
[Black "EdmundPlayer"]
[WhiteFideId "13413562"]
[WhiteElo "2491"]
[BlackElo "2243"]
[Result "0-1"]
[Round "3"]
[TimeControl "180+2"]
[Date "2023.06.27"]
[WhiteClock "0:00:02"]
[BlackClock "0:00:05"]
[Board "204"]

1. e4 e5 2. Nf3 Nc6 3. Bb5 a6 4. Ba4 Nf6 5. O-O Nxe4 6. d4 b5 7. Bb3 d5 8. dxe5 Be6 9. Be3 Nc5 10. Nc3 Nxb3 11. axb3 Be7 12. Qd2 b4 13. Na4 O-O 14. Bc5 Bg4 15. Bxe7 Qxe7 16. Qxd5 Bxf3 17. Qxf3 Nxe5 18. Qe3 Qf6 19. Nc5 Rfe8 20. Rfe1 h5 21. h3 a5 22. Rad1 Re7 23. Nd3 Rae8 24. Nxe5 Rxe5 25. Qd2 Rxe1+ 26. Rxe1 Rxe1+ 27. Qxe1 Qxb2 28. Qe8+ Kh7 29. Qxf7 Qe5 30. g3 Qe1+ 31. Kg2 Qe4+ 32. Kh2 Qe5 33. Qf3 Kh6 34. Qd3 g6 35. h4 Kg7 36. Qd7+ Kf6 37. Qd3 Kf7 38. Kg2 Kf6 39. Qf3+ Qf5 40. Qc6+ Qe6 41. Qxc7 Qe4+ 42. Kh2 Qd5 43. Qf4+ Kg7 44. Qc7+ Kh6 45. Qf4+ Kg7 46. Qe3 Qb5 47. Kg1 Qd5 48. Kf1 Qd1+ 49. Kg2 Qxc2 50. Qe7+ Kh6 51. Qg5+ Kg7 52. Qe5+ Kh6 53. Qd5 Kg7 54. Kf3 Kh6 55. Ke3 Qc3+ 56. Ke4 Qe1+ 57. Kf3 Qh1+ 0-1


[Site "https://www.chess.com"]

[Event "Titled Tuesday Blitz June 27 Early 2023"]
[White "Tuleyeva-Aketayeva, Dana"]
[Black "Navalgund, Niranjan"]
[WhiteFideId "13701932"]
[BlackFideId "5030854"]
[WhiteElo "2241"]
[BlackElo "2487"]
[Result "0-1"]
[Round "3"]
[TimeControl "180+2"]
[Date "2023.06.27"]
[WhiteClock "0:00:00"]
[BlackClock "0:01:23"]
[Board "205"]

1. d4 Nf6 2. Nf3 Rg8 3. g3 h6 4. Bg2 g5 5. O-O e6 6. c4 Be7 7. Nc3 d5 8. cxd5 Nxd5 9. e4 Nxc3 10. bxc3 b6 11. d5 Bb7 12. dxe6 fxe6 13. Nd4 e5 14. Nf5 Qxd1 15. Rxd1 Bf8 16. Bf3 Nd7 17. Bh5+ Kd8 18. Bf7 Rh8 19. Be6 Rh7 20. f3 Bc5+ 21. Be3 Bxe3+ 22. Nxe3 Bc6 23. Nc4 Ke7 24. Bxd7 Bxd7 25. Nxe5 Be8 26. Rd2 Ke6 27. Nc4 Bb5 28. Ne3 Rf7 29. Kg2 Ba4 30. Nf5 h5 31. Nd4+ Ke5 32. Nb3 Rd7 33. Rad1 Rxd2+ 34. Rxd2 c6 35. Rd4 Bxb3 36. axb3 a5 37. Kf2 b5 38. Ke3 a4 39. f4+ Ke6 40. bxa4 bxa4 41. Rd2 gxf4+ 42. gxf4 a3 43. Ra2 c5 44. Kd3 Ra4 45. Ke3 Kf6 46. Kf3 Kg6 47. Kg3 Kh6 48. e5 Kg6 49. Kf3 Kf5 50. Ke3 h4 51. h3 Re4+ 52. Kd3 c4+ 53. Kc2 Re2+ 54. Kb1 Re3 55. Rxa3 Kxf4 56. Ra4 Rxh3 57. e6 Rxc3 58. e7 Re3 59. Rxc4+ Kg3 60. Rc7 h3 61. Kc2 h2 62. e8=Q Rxe8 63. Rg7+ Kf2 64. Rf7+ Kg1 65. Rg7+ Kh1 66. Kd2 Re6 67. Kd1 Re4 68. Kd2 Re8 69. Kd1 Ra8 70. Ke2 Ra1 71. Kf2 Rg1 72. Rh7 Rg6 73. Rh4 Rf6+ 74. Ke1 Kg2 0-1


[Site "https://www.chess.com"]

[Event "Titled Tuesday Blitz June 27 Early 2023"]
[White "Abrosimov, Vladimir"]
[Black "Molenda, Marcin"]
[WhiteFideId "4166892"]
[BlackFideId "1173065"]
[WhiteElo "2241"]
[BlackElo "2485"]
[Result "0-1"]
[Round "3"]
[TimeControl "180+2"]
[Date "2023.06.27"]
[WhiteClock "0:00:21"]
[BlackClock "0:00:23"]
[Board "206"]

1. c4 e5 2. Nc3 Nf6 3. d3 Bb4 4. g3 O-O 5. Bg2 c6 6. e4 d5 7. cxd5 cxd5 8. Bd2 d4 9. Nb1 Qa5 10. a3 Bxd2+ 11. Qxd2 Qb6 12. b4 a5 13. bxa5 Rxa5 14. Ne2 Nc6 15. O-O Bg4 16. h3 Be6 17. f4 Rfa8 18. f5 Bd7 19. g4 Rb5 20. g5 Rb2 21. Qe1 Nh5 22. Nd2 Qa5 23. Nc4 Qxe1 24. Rfxe1 Rb3 25. Red1 b5 26. Nb6 Ra7 27. Nxd7 Rxd7 28. Bf3 Nf4 29. Nxf4 exf4 30. Rac1 Rc3 31. Rb1 h6 32. gxh6 Ne5 33. Be2 f3 34. Bf1 Rb7 35. hxg7 Kxg7 36. Rb4 Rd7 37. Rxb5 f6 38. a4 Rc2 39. Rbb1 Kh6 40. Rbc1 Rg7+ 41. Kh1 Rf2 42. a5 Kg5 43. Kg1 Ra2 44. Ra1 Kf4+ 45. Kh1 Rf2 46. a6 Kg3 47. Be2 Rh2+ 48. Kg1 f2+ 49. Kf1 Rh1# 0-1


[Site "https://www.chess.com"]

[Event "Titled Tuesday Blitz June 27 Early 2023"]
[White "Mishra, Manoj"]
[Black "NLLO777"]
[WhiteFideId "5006007"]
[WhiteElo "2229"]
[BlackElo "2473"]
[Result "0-1"]
[Round "3"]
[TimeControl "180+2"]
[Date "2023.06.27"]
[WhiteClock "0:00:00"]
[BlackClock "0:00:16"]
[Board "207"]

1. d4 Nf6 2. c4 c5 3. d5 b5 4. cxb5 a6 5. e3 d6 6. Nc3 g6 7. Nf3 Bg7 8. Be2 O-O 9. O-O axb5 10. Bxb5 Ba6 11. a4 Nbd7 12. Bd2 Ne8 13. Qe2 Nc7 14. Ra3 Ne5 15. Nxe5 Bxe5 16. Rfa1 Qb8 17. R1a2 Qb7 18. Bc6 Bxe2 19. Bxb7 Ra7 20. Nxe2 Rxb7 21. Bc3 Bg7 22. Bxg7 Kxg7 23. Nc3 Ra8 24. a5 Ra6 25. Kf1 Kf6 26. Ke2 g5 27. Kd3 Ke5 28. Kc4 Rb4+ 29. Kd3 Nxd5 30. Nxd5 Kxd5 31. Ra4 Rb3+ 32. Kc2 Rb5 33. Kd3 f5 34. f3 Kc6 35. e4 e6 36. g4 f4 37. Kc3 d5 38. exd5+ exd5 39. Ra1 Kd6 40. b3 h6 41. h4 Rb7 42. hxg5 hxg5 43. Rh1 Re7 44. Rh6+ Re6 45. Rh5 Re3+ 46. Kc2 Re5 47. Rh6+ Re6 48. Rh5 Rg6 49. Rh7 Ke5 50. Kd3 Rge6 51. Rf7 Kd6 52. Rf5 Re5 53. Rf6+ Re6 54. Rf5 Kc6 55. Rf7 Re3+ 56. Kc2 Rxf3 57. Rg7 Rf2+ 58. Kc3 Rf3+ 59. Kc2 d4 60. Rxg5 Kb5 61. Rg7 Rxa5 62. Rb7+ Ka6 63. Rxa5+ Kxa5 64. Rc7 Kb5 65. g5 Rg3 66. Rf7 f3 67. g6 Rg2+ 68. Kd3 f2 69. g7 Rxg7 70. Rxf2 Kb4 71. Rf6 Rg3+ 72. Kc2 Rc3+ 73. Kd2 Kxb3 0-1


[Site "https://www.chess.com"]